Map: Dasan Station LE

Players

Gracz - Winner!

  • Race: Protoss Protoss
  • League: Bronze

Grave

  • Race: Zerg Zerg
  • League: Gold

VOD

Have the link to the VOD?

Description

Time

  • Played on: Sept. 16, 2016, 10:38 a.m.
  • Length: 18:10
Show
View Real Time Build Order
Export as new Build Order

Gracz Protoss - Winner!

Build Orders:  

Get SALT Encoding   

  12  0:05  Probe (Chrono Boost)  
  13  0:15  Probe (Chrono Boost)  
  13  0:20  Pylon  
  14  0:33  Assimilator, Probe (Chrono Boost)  
  15  0:45  Gateway  
  15  0:47  Probe (Chrono Boost)  
  16  0:58  Probe (Chrono Boost)  
  17  1:07  Gateway  
  17  1:29  Gateway  
  17  1:37  Cybernetics Core  
  19  1:40  Zealot  
  19  1:55  Zealot  
  21  2:10  Probe (Chrono Boost)  
  21  2:12  Nexus  
  22  2:21  Probe (Chrono Boost)  
  23  2:37  Warp Gate  
  23  2:39  Pylon  
  23  2:57  Stalker x2  
  28  2:59  Probe (Chrono Boost)  
  28  3:11  Probe (Chrono Boost)  
  29  3:13  Gateway  
  29  3:15  Gateway  
  30  3:28  Probe x2 (Chrono Boost)  
  31  3:38  Probe (Chrono Boost)  
  31  3:40  Probe (Chrono Boost)  
  29  3:49  Probe (Chrono Boost)  
  29  3:52  Stalker x3, Probe (Chrono Boost)  
  37  3:59  Probe (Chrono Boost)  
  38  4:04  Probe (Chrono Boost)  
  39  4:10  Probe (Chrono Boost)  
  39  4:14  Robotics Facility  
  39  4:17  Probe (Chrono Boost)  
  41  4:20  Pylon  
  41  4:29  Pylon  
  41  4:32  Pylon  
  41  4:44  Robotics Facility  
  41  4:54  Assimilator  
  41  4:56  Probe (Chrono Boost)  
  41  4:57  Probe (Chrono Boost)  
  41  4:58  Assimilator  
  43  5:02  Assimilator  
  43  5:06  Probe (Chrono Boost)  
  44  5:09  Probe (Chrono Boost)  
  44  5:12  Stalker  
  47  5:31  Protoss Air Weapons Level 1  
  47  5:34  Stalker  
  47  5:35  Stalker  
  51  5:43  Forge  
  51  5:49  Stalker  
  53  5:50  Stalker  
  55  6:01  Mothership Core (Chrono Boost)  
  57  6:26  Pylon  
  57  6:30  Pylon  
  57  6:45  Stargate  
  57  6:46  Stargate  
  57  6:48  Stargate  
  57  6:52  Twilight Council  
  57  7:02  Protoss Ground Weapons Level 1  
  57  7:06  Nexus  
  57  7:10  Probe (Chrono Boost)  
  57  7:12  Probe (Chrono Boost)  
  59  7:21  Probe (Chrono Boost)  
  61  7:24  Probe (Chrono Boost)  
  61  7:26  Stalker  
  61  7:27  Sentry  
  65  7:31  Probe (Chrono Boost)  
  65  7:36  Probe (Chrono Boost)  
  67  7:42  Probe (Chrono Boost)  
  68  7:48  Probe (Chrono Boost)  
  69  7:52  Probe (Chrono Boost)  
  69  7:54  Gateway x2  
  69  7:57  Immortal x2  
  78  8:00  Probe (Chrono Boost)  
  78  8:03  Probe (Chrono Boost)  
  78  8:19  Pylon  
  79  8:20  Pylon, Probe (Chrono Boost)  
  79  8:25  Probe (Chrono Boost)  
  80  8:32  Probe (Chrono Boost)  
  81  8:36  Probe (Chrono Boost)  
  82  8:41  Protoss Ground Armor Level 1  
  82  8:42  Immortal x2  
  82  8:44  Probe (Chrono Boost)  
  82  8:47  Assimilator  
  82  8:48  Void Ray  
  95  8:51  Stalker  
  95  8:53  Assimilator  
  97  9:01  Probe (Chrono Boost)  
  98  9:11  Probe (Chrono Boost)  
  99  9:18  Stalker  
  101  9:33  Pylon  
  101  9:37  Pylon  
  101  9:40  Pylon  
  101  9:45  Pylon  
  101  9:48  Pylon  
  101  9:51  Pylon, Immortal  
  105  9:55  Pylon  
  105  9:57  Fleet Beacon  
  105  9:58  Robotics Bay  
  105  9:59  Pylon  
  105  10:02  Dark Shrine, Pylon  
  101  10:15  Stalker x2  
  101  10:16  Stalker x2  
  101  10:17  Stalker  
  101  10:18  Stalker  
  101  10:19  Stalker  
  115  10:29  Protoss Ground Weapons Level 2, Gateway  
  115  10:35  Gateway  
  115  10:37  Gateway  
  115  10:46  Forge  
  115  10:51  Stalker  
  115  10:52  Stalker  
  115  10:53  Stalker x2  
  123  11:11  Stalker  
  123  11:12  Stalker  
  127  11:25  Protoss Ground Armor Level 2  
  127  11:29  Blink  
  127  11:37  Probe (Chrono Boost)  
  128  11:48  Probe (Chrono Boost)  
  128  11:50  Protoss Air Armor Level 1  
  129  11:58  Probe (Chrono Boost)  
  130  12:02  Colossus x2  
  130  12:03  Cybernetics Core  
  142  12:09  Probe (Chrono Boost)  
  142  12:14  Pylon  
  143  12:17  Pylon  
  149  12:31  Tempest  
  153  12:39  Tempest  
  157  12:48  Void Ray  
  161  13:08  Stalker x2  
  161  13:09  Stalker x2  
  161  13:12  Sentry  
  163  13:26  Observer x2  
  165  13:32  Protoss Shields Level 1  
  165  13:39  Stalker  
  165  13:40  Stalker x2  
  171  13:41  Stalker x2  
  171  13:42  Stalker  
  171  13:43  Stalker  
  171  13:45  Stalker  
  181  14:02  Pylon  
  181  14:07  Pylon  
  181  14:12  Pylon  
  181  14:19  Nexus  
  181  14:22  Pylon  
  181  14:26  Pylon, Protoss Air Armor Level 2  
  181  14:27  Protoss Air Weapons Level 2  
  181  14:29  Assimilator  
  181  14:33  Assimilator  
  181  14:35  Disruptor  
  181  14:36  Immortal  
  188  14:42  Protoss Ground Armor Level 3  
  188  15:11  Immortal  
  192  15:21  Tempest, Void Ray  
Show
View Real Time Build Order
Export as new Build Order

Grave Zerg 

Build Orders: Pool First 

Get SALT Encoding   

  12  0:05  Drone  
  13  0:13  Overlord  
  13  0:17  Drone  
  14  0:31  Drone  
  15  0:40  Spawning Pool  
  15  0:42  Drone  
  15  0:49  Overlord  
  15  0:53  Drone  
  16  1:01  Drone  
  17  1:21  Extractor  
  17  1:23  Drone x2  
  18  1:33  Drone  
  18  1:36  Queen  
  21  1:56  Drone  
  21  1:57  Drone  
  23  2:08  Overlord  
  23  2:18  Evolution Chamber  
  22  2:35  Spine Crawler  
  21  2:53  Zergling x6  
  21  2:54  Zergling x6  
  21  2:57  Metabolic Boost  
  27  3:13  Hatchery  
  23  3:55  Zergling x4  
  23  3:56  Zergling x2  
  23  4:00  Lair  
  25  4:24  Zergling x6  
  25  4:25  Zergling x2  
  29  4:34  Drone  
  30  4:40  Drone  
  30  4:41  Drone  
  31  5:12  Drone x3  
  34  5:18  Drone  
  35  5:27  Zergling x8  
  35  5:28  Zergling x2  
  40  5:31  Overlord  
  40  5:39  Hydralisk Den  
  40  5:42  Drone  
  40  6:08  Infestation Pit  
  39  6:12  Hydralisk x3  
  45  6:23  Drone x3  
  48  6:31  Overlord  
  48  6:44  Muscular Augments  
  48  6:59  Hydralisk x3  
  54  7:09  Overlord  
  54  7:10  Overlord x2  
  54  7:34  Drone x2  
  54  7:35  Drone  
  45  8:15  Hydralisk x2  
  45  8:16  Hydralisk  
  51  8:32  Extractor  
  50  8:43  Spore Crawler  
  50  8:48  Hydralisk x3  
  55  9:11  Hatchery  
  54  9:21  Zergling x6  
  57  9:29  Hive  
  57  9:31  Zergling x4  
  57  9:32  Zergling x8  
  57  9:36  Zergling x2  
  53  10:17  Zergling x2  
  53  10:18  Zergling x4  
  56  10:22  Zergling x6  
  56  10:27  Burrow  
  59  10:38  Drone x2  
  61  11:00  Hydralisk  
  61  11:01  Hydralisk x2  
  67  11:07  Zergling x6  
  70  11:30  Spire  
  69  11:33  Adrenal Glands  
  69  11:40  Zergling x10  
  69  11:44  Zergling x6  
  77  12:04  Drone x2  
  79  12:16  Hydralisk x3  
  85  12:40  Overlord  
  85  12:41  Overlord  
  85  12:47  Zergling x8  
  89  12:52  Overlord x2  
  89  12:53  Overlord  
  89  13:04  Hydralisk x12  
  60  13:36  Corruptor  
  60  13:37  Corruptor x2  
  60  13:41  Corruptor x3  
  72  14:19  Extractor  
  72  14:21  Greater Spire  
  71  14:46  Zergling x2  
  71  14:47  Zergling x10  
  77  14:54  Zergling x6  
  77  14:55  Queen  
  82  15:05  Hydralisk x12  
  82  15:06  Extractor  
  81  15:12  Hydralisk x2  
  81  15:13  Hydralisk  
  87  15:51  Zergling x6  
  90  15:57  Zergling x2  
  90  15:58  Zergling x6  
  94  16:09  Brood Lord  
  94  16:11  Brood Lord  
  42  16:52  Zergling x10  
  35  16:59  Corruptor x2  
  35  17:00  Corruptor  
Tags
 
Add a new tag
Caveats
  • Supply blocks, unpowered buildings, or Contaminate may cause inaccurate times.
  • Supply counts are checked every 10 seconds.